 Dungeon Sprint DCSS version 0.29-a0-732-g3d7fbe0af2 (webtiles) character file.

Game seed: 18299779515385844590

254 Hipnos the Jinx (level 5, -1/28 HPs)
             Began as a Deep Elf Enchanter on June 29, 2022.
             Slain by a neqoxec (14 damage)
             ... in the Dungeon (Sprint II: "The Violet Keep of Menkaure").
             The game lasted 00:00:34 (30 turns).

Hipnos the Jinx (Deep Elf Enchanter)                  Turns: 30, Time: 00:00:35

Health: -1/28      AC:  2    Str:  5    XL:     5   Next: 90%
Magic:  9/16       EV: 14    Int: 22    God:
Gold:   0          SH:  0    Dex: 15    Spells: 17/17 levels left

rFire   . . .      SeeInvis .   a - +1 dagger
rCold   . . .      Faith    .   (no shield)
rNeg    . . .      Spirit   .   b - +0 robe
rPois   .          Reflect  .   (no helmet)
rElec   .          Harm     .   (no cloak)
rCorr   .          Rampage  .   (no gloves)
Will    .....      NoTele   +   (no boots)
Stlth   ++++......              (no amulet)
HPRegen 0.09/turn               (no ring)
MPRegen 0.15/turn               (no ring)

@: on berserk cooldown, slowed, very slow
A: no striking features
a: no special abilities


You were in the Dungeon.
You visited 1 branch

Inventory:

Hand Weapons
 a - a +1 dagger (weapon)
Armour
 b - a +0 robe (worn)
Scrolls
 i - a scroll of blinking
Potions
 c - 2 potions of invisibility
 d - a potion of curing
 f - a potion of haste
 g - 2 potions of magic


   Skills:
 + Level 3.0 Short Blades
 + Level 5.5 Dodging
 + Level 9.3 Stealth
 + Level 6.9 Spellcasting
 + Level 10.6 Hexes


You had 17 spell levels left.
You didn't know any spells.
Your spell library contained the following spells:

 Spells                   Type           Power      Damage    Failure   Level
 Ensorcelled Hibernation  Hex/Ice        62%        N/A       1%          2
 Confusing Touch          Hex            53%        N/A       1%          3
 Tukima's Dance           Hex            53%        N/A       1%          3
 Dazzling Flash           Conj/Hex       62%        N/A       2%          3


Dungeon Overview and Level Annotations

Branches:
Dungeon (1/1)

Altars:


Message History

The neqoxec is lightly wounded.
You puncture the neqoxec!
The neqoxec is heavily wounded.
The neqoxec misses you. The neqoxec gestures at you.
Something tries to feed on your intellect!
You puncture the neqoxec! You punch the neqoxec!
The neqoxec is almost dead.
You hit the neqoxec.
The neqoxec is almost dead.
The neqoxec barely misses you. The neqoxec gestures at you.
Something tries to feed on your intellect!
You hit the neqoxec.
You kill the neqoxec!
You are no longer berserk.
You are exhausted.
You feel yourself slow down.
Your Short Blades skill increases to level 3!
Your Dodging skill increases to level 5!
Your Stealth skill gained 2 levels and is now at level 9!
Your Spellcasting skill increases to level 6!
Your Hexes skill gained 2 levels and is now at level 10!
You have reached level 5!
You feel much better. The neqoxec hits you!
You hit the neqoxec.
The neqoxec is lightly wounded.
The neqoxec hits you. The neqoxec closely misses you.
You completely miss the neqoxec. The neqoxec barely misses you.
You hit the neqoxec.
The neqoxec is lightly wounded.
The neqoxec hits you.
You hit the neqoxec but do no damage.
The neqoxec is lightly wounded.
The neqoxec misses you.
You hit the neqoxec.
The neqoxec is lightly wounded.
The neqoxec hits you!
Ouch! That really hurt!
You die...

## ###
.##.. #
.3. #l
#3#
#$##@##
#+.<.+
#.##.##
#l #+#
#


You could see 2 neqoxecs.

Vanquished Creatures
  2 neqoxecs (D)
2 creatures vanquished.

Notes
Turn   | Place    | Note
-------+----------+-------------------------------------------
     0 | D        | Hipnos the Deep Elf Enchanter began the quest for the Orb.
     0 | D        | Reached XP level 1. HP: 10/10 MP: 6/6
     1 | D        | Noticed a wyvern
     1 | D        | Noticed a wyvern
     4 | D        | Noticed a neqoxec
     4 | D        | Noticed a neqoxec
     4 | D        | Noticed a neqoxec
     4 | D        | Noticed a neqoxec
    19 | D        | Killed a neqoxec
    20 | D        | Reached skill level 5 in Spellcasting
    20 | D        | Reached skill level 8 in Hexes
    20 | D        | Reached XP level 2. HP: 6/15 MP: 6/10
    20 | D        | Reached XP level 3. HP: 8/19 MP: 7/12
    20 | D        | Reached XP level 4. HP: 11/24 MP: 7/13
    24 | D        | Killed a neqoxec
    25 | D        | Reached skill level 5 in Dodging
    25 | D        | Reached skill level 10 in Hexes
    25 | D        | Reached XP level 5. HP: 9/28 MP: 8/16
    30 | D        | Slain by a neqoxec

Illustrated notes

Levels and vault maps discovered:
D:        the_violet_keep_of_menkaure [sprint2_stairs_cluster_1,
          sprint2_shoproom, sprint2_temple, sprint2_basic_supplies,
          sprint2_obstacle_5, sprint2_obstacle_6, sprint2_obstacle_7,
          sprint2_obstacle_4, sprint2_obstacle_3, sprint2_timed_cluster_1,
          sprint2_smallroom_cluster_1, sprint2_smallroom_final_cluster_1,
          sprint2_transparent_cluster_1, sprint2_second_timed_cluster_1,
          sprint2_sniper_area_1, sprint2_heavy_combat_area_1,
          sprint2_mutation_trap_area_1, sprint2_forest_area_1,
          sprint2_light_combat_area_1, sprint2_behind_water_1,
          sprint2_near_end_vault_1]

Skill      XL: |  1  2  3  4 |
---------------+-------------+-----
Short Blades   | 2 3 |  3.0
Dodging        | 4 5 |  5.5
Stealth        | 7 9 |  9.3
Spellcasting   | 5 6 |  6.9
Hexes          | 8 10 | 10.6

Action                   |  1- 3 |  4- 6 || total
-------------------------+-------+-------++-------
Melee: Dagger            |    14 |    10 ||    24
       Punch             |       |     1 ||     1
  Use: Potion            |     1 |     1 ||     2
Armor: Robe              |     1 |       ||     1
Dodge: Dodged            |     5 |     5 ||    10

Table legend: (Time is in decaauts)
 A = Elapsed time spent in this place.
 B = Non-inter-level travel time spent in this place.
 C = Inter-level travel time spent in this place.
 D = Time resting spent in this place.
 E = Time spent auto-exploring this place.
 F = Levels seen in this place.
 G = Mean time per level.
                   A        B        C        D        E       F      G
               +--------+--------+--------+--------+--------+-----+--------+
         Total |     24 |     24 |      0 |      0 |      0 |   1 |   24.0 |
       Dungeon |     24 |     24 |      0 |      0 |      0 |   1 |   24.0 |
               +--------+--------+--------+--------+--------+-----+--------+

Top non-repeatable levels by time:
       D: 24 daAuts
